 Dungeon Crawl Stone Soup version 0.30-a0-358-g0d69a1922f (webtiles) character file.

Game seed: 966122697052275306

8862 Bnni the Spear-Bearer (level 11, -4/92 HPs)
             Began as a Formicid Fighter on Nov 9, 2022.
             Was a Follower of Yredelemnul.
             Engulfed by a cloud of flame (14 damage)
             ... on level 10 of the Dungeon.
             The game lasted 00:15:48 (9784 turns).

Bnni the Spear-Bearer (Formicid Fighter)            Turns: 9784, Time: 00:15:49

Health: -4/92      AC: 13    Str: 25    XL:     11   Next: 63%
Magic:  0/17       EV:  8    Int: 14    God:    Yredelemnul [*.....]
Gold:   564        SH:  5    Dex: 13    Spells: 10/10 levels left

rFire   . . .      SeeInvis +    s - +0 scythe
rCold   . . .      Faith    .    c - +0 buckler
rNeg    . . .      Spirit   +    o - +0 chain mail
rPois   +          Reflect  .    (helmet unavailable)
rElec   .          Harm     .    O - +1 cloak {Will+}
rCorr   .          Rampage  .    (no gloves)
Will    ++...                    D - +1 pair of boots
Stlth   ..........               y - amulet of guardian spirit
HPRegen 0.35/turn                h - +6 ring of intelligence
MPRegen 0.15/turn                m - ring of poison resistance

@: invisible
A: permanent stasis, dig shafts and tunnels, antennae 3, four strong arms
a: Dig, Shaft Self, Renounce Religion, Recall Undead Harvest


You were on level 10 of the Dungeon.
You worshipped Yredelemnul.
Yredelemnul was aware of your devotion.
You visited 2 branches of the dungeon, and saw 11 of its levels.

You collected 564 gold pieces.

Inventory:

Hand Weapons
 g - a +0 vampiric whip
 s - a +0 scythe (weapon)
 u - a +1 dagger of venom
Missiles
 x - 6 boomerangs
 E - 4 silver javelins
 F - 11 poisoned darts
Armour
 c - a +0 buckler (worn)
 o - a +0 chain mail (worn)
 D - a +1 pair of boots (worn)
 I - the +2 ratskin cloak {*Rats rPois rN+ Str-1 Int-1 Dex+1}
   (You found it on level 6 of the Dungeon)

   When the wearer is hurt, rats may emerge from it to assist them.
   Str:       It affects your strength (-1).
   Int:       It affects your intelligence (-1).
   Dex:       It affects your dexterity (+1).
   rPois:     It protects you from poison.
   rN:        It protects you from negative energy.
 O - a +1 cloak of willpower (worn)
Jewellery
 h - a +6 ring of intelligence (left hand)
 m - a ring of poison resistance (right hand)
 r - a ring of fire
 y - an amulet of guardian spirit (around neck)
 K - a ring of ice
Wands
 e - a wand of roots (4)
 k - a wand of digging (5)
 v - a wand of flame (88)
 C - a wand of charming (17)
 J - a wand of mindburst (14)
Scrolls
 f - a scroll of immolation
 i - 2 scrolls of enchant armour {unknown}
 n - 2 scrolls of magic mapping
 p - 3 scrolls of torment {unknown}
 q - 3 scrolls of blinking {unknown}
 t - 2 scrolls of amnesia {unknown}
 w - 4 scrolls of noise {unknown}
 z - 2 scrolls of silence {unknown}
 A - 2 scrolls of fear
 L - 2 scrolls of vulnerability {unknown}
 M - a scroll of butterflies
Potions
 a - 3 potions of curing
 b - 3 potions of brilliance
 d - 2 potions of might
 j - 4 potions of attraction
 l - 2 potions of flight
 G - a potion of ambrosia
 H - a potion of magic
 N - a potion of heal wounds {unknown}


   Skills:
 + Level 10.6 Fighting
 * Level 13.1 Polearms
 - Level 3.2 Armour
 - Level 5.0 Shields
 + Level 8.0 Invocations


You had 10 spell levels left.
You didn't know any spells.
Your spell library contained the following spells:

 Spells                   Type           Power      Damage    Failure   Level
 Beastly Appendage        Tmut           0%         N/A       94%         1
 Summon Small Mammal      Summ           0%         N/A       94%         1
 Sublimation of Blood     Necr           0%         N/A       98%         2
 Wereblood                Tmut           0%         N/A       98%         2
 Call Canine Familiar     Summ           0%         N/A       100%        3
 Frozen Ramparts          Ice            0%         1d1       100%        3
 Gell's Gravitas          Tloc           0%         N/A       100%        3
 Lesser Beckoning         Tloc           0%         N/A       100%        3
 Spider Form              Tmut/Pois      0%         N/A       100%        3
 Summon Guardian Golem    Hex/Summ       0%         N/A       100%        3
 Teleport Other           Tloc           0%         N/A       100%        3
 Ice Form                 Ice/Tmut       0%         N/A       100%        4
 Manifold Assault         Tloc           0%         N/A       100%        4
 Summon Ice Beast         Ice/Summ       0%         N/A       100%        4
 Dispersal                Tloc           0%         N/A       100%        6
 Summon Hydra             Summ           0%         N/A       100%        7
 Disjunction              Tloc           0%         N/A       100%        8


Dungeon Overview and Level Annotations

Branches:
Dungeon (10/15)            Temple (1/1) D:6
   Lair: D:8-11         Orc: D:9-12

Altars:
Ashenzari
Cheibriados
Dithmenos
Elyvilon
Fedhas
Gozag
Hepliaklqana
Kikubaaqudgha
Makhleb
Nemelex Xobeh
Okawaru
Qazlal
Ru
Sif Muna
Trog
Uskayaw
Vehumet
Wu Jian
Xom
Yredelemnul
Zin
The Shining One


Innate Abilities, Weirdness & Mutations

You cannot be hasted, slowed, berserked, paralysed or teleported.
You can dig through walls and to a lower floor.
You have a pair of large antennae on your head. (SInv)
Your four strong arms can wield two-handed weapons with a shield.


Message History

You hear a shout!
You impale the fire crab!!
The fire crab is moderately wounded.
The fire crab bites you but does no damage.
The fire crab claws you.
You are engulfed in flames!
Unknown command.
You slash the fire crab!
The fire crab is heavily wounded.
The fire crab breathes flames at you. The blast of flame engulfs you.
Unknown command.
You fade into invisibility!
You are engulfed in blazing flames.
The fire crab closely misses you. The fire crab claws you.
You are engulfed in flames!
* * * LOW HITPOINT WARNING * * *
You hit the fire crab but do no damage.
The fire crab is heavily wounded.
You are engulfed in blazing flames.
* * * LOW HITPOINT WARNING * * *
Unknown command.
You feel better.
You are engulfed in blazing flames.
* * * LOW HITPOINT WARNING * * *
A gnoll sergeant comes into view. It is wielding a +0 spear.
The fire crab bites you but does no damage.
The fire crab claws you but does no damage.
Your two-headed ogre zombie is engulfed in blazing flames.
Your two-headed ogre zombie hits the fire crab but does no damage.
Your two-headed ogre zombie barely misses the fire crab.
You slice the fire crab!!
The fire crab is almost dead.
You are engulfed in blazing flames.
* * * LOW HITPOINT WARNING * * *
The fire crab breathes flames at you.
The blast of flame engulfs you but does no damage.
Unknown command.
You slash the fire crab!
You kill the fire crab!
You are engulfed in blazing flames.
You die...
Your body rises from the dead as a mindless zombie.

♣ #♣≈≈≈~~♣.♣~~≈ ..
#≈≈≈~~~♣.♣~~~ ♣♣.♣
#≈≈~~~.g...{S ♣...
#≈≈~~...~...~
♣♣.♣♣#~~~...~≈~...
#♣...♣#~~...~≈~≈~$.
#.~~~.♣♣♣.○V.###P..
#.~~~.....○Z#).[#
#.~~~.♣♣♣.○@○###P..
#♣...♣#~~.○○○≈~≈~..
♣♣.♣♣#~~~.○○~≈~...
♣...♣#≈≈~~...~...~
♣♣)♣♣#≈≈~~~.....~~
♣...♣#≈≈≈~~~♣.♣~~~
♣♣)♣♣#♣≈≈≈~~♣.♣~~≈
♣.♣ #######.# ##
♣♣.♣♣ {


You could see a vampire (invisible), a gnoll sergeant (unable to see you) and a
friendly two-headed ogre zombie.

Vanquished Creatures
  A two-headed ogre (D:10)
  A fire crab (D:10)
  A manticore (D:8)
  2 trolls
  Grinder (D:3)
  A hornet (D:9)
  Prince Ribbit (D:9)
  Sigmund (D:3)
  A wraith (D:10)
  5 yaks
  2 wyverns
  A shadow (D:8)
  Eustachio (D:6)
  2 vampire mosquitoes
  A steam dragon (D:9)
  2 water moccasins
  Pargi (D:4)
  An orc warrior (D:8)
  2 ogres
  3 centaurs
  2 phantoms
  A kobold brigand (D:8)
  3 necrophages
  4 bullfrogs
  4 scorpions
  A wight (D:8)
  12 killer bees
  5 jellies
  3 howler monkeys (D:8)
  A gnoll bouda (D:9)
  A hound (D:4)
  8 orc priests
  Ijyb (D:4)
  Natasha (twice) (D:3)
  5 iguanas
  9 orc wizards
  A gnoll (D:1)
  10 adders
  4 white imps
  2 worms
  15 orcs
  10 ball pythons
  3 bats
  9 endoplasms
  4 giant cockroaches (D:1)
  6 goblins
  4 hobgoblins
  7 kobolds
  3 quokkas
  7 frilled lizards
  5 rats
183 creatures vanquished.

Vanquished Creatures (collateral kills)
  A gargoyle (D:8)
  5 yaks (D:9)
  An ice beast (D:6)
  A necrophage (D:8)
  2 killer bees
  A howler monkey (D:8)
  2 orc priests
  4 orc wizards
  5 orcs
  2 kobolds (D:8)
24 creatures vanquished.

Vanquished Creatures (others)
  A hornet zombie (D:9)
  2 vampire mosquito zombies
  A wyvern zombie (D:9)
  3 yak zombies
  2 centaur zombies
  2 bullfrog zombies (D:8)
  2 killer bee zombies
  2 howler monkey zombies (D:8)
  A gnoll zombie (D:9)
  3 kobold zombies (D:8)
  9 orc zombies
  2 plants (D:10)
30 creatures vanquished.

Grand Total: 237 creatures vanquished

Notes
Turn   | Place    | Note
-------+----------+-------------------------------------------
     0 | D:1      | Bnni the Formicid Fighter began the quest for the Orb.
     0 | D:1      | Reached XP level 1. HP: 18/18 MP: 1/1
    57 | D:1      | Reached XP level 2. HP: 24/24 MP: 2/2
   128 | D:1      | Reached XP level 3. HP: 25/29 MP: 3/3
   365 | D:1      | Found a faded altar of an unknown god.
   679 | D:2      | Reached skill level 5 in Shields
   679 | D:2      | Reached XP level 4. HP: 37/37 MP: 4/4
   845 | D:2      | Reached skill level 3 in Polearms
  1337 | D:3      | Noticed Sigmund
  1353 | D:3      | Killed Sigmund
  1354 | D:3      | Reached skill level 4 in Polearms
  1354 | D:3      | Reached XP level 5. HP: 40/43 MP: 5/5
  1354 | D:3      | Reached XP level 6. HP: 45/49 MP: 6/6
  1397 | D:3      | Reached skill level 5 in Polearms
  1816 | D:3      | Noticed Grinder
  1817 | D:3      | Noticed Natasha
  1830 | D:3      | Killed Natasha
  1831 | D:3      | Reached skill level 5 in Fighting
  1855 | D:3      | Killed Grinder
  1856 | D:3      | Reached skill level 6 in Polearms
  1856 | D:3      | Reached XP level 7. HP: 3/56 MP: 7/7
  2114 | D:3      | Noticed Natasha
  2115 | D:3      | Killed Natasha
  2293 | D:4      | Noticed Ijyb
  2297 | D:4      | Noticed Pargi
  2305 | D:4      | Killed Ijyb
  2318 | D:4      | Killed Pargi
  2319 | D:4      | Reached XP level 8. HP: 19/64 MP: 8/8
  2537 | D:4      | Reached skill level 7 in Polearms
  3046 | D:4      | You fall into a shaft and drop 2 floors!
  3054 | D:5      | Entered Level 5 of the Dungeon
  3414 | D:5      | Reached skill level 8 in Polearms
  4705 | D:5      | Reached XP level 9. HP: 71/72 MP: 9/9
  4826 | D:6      | Noticed Eustachio
  4888 | D:6      | Killed Eustachio
  4889 | D:6      | Reached skill level 9 in Polearms
  5151 | D:6      | Found the +2 ratskin cloak {*Rats rPois rN+ Str-1 Int-1
                  | Dex+1}
  5177 | D:6      | Found a staircase to the Ecumenical Temple.
  5209 | D:6      | Found a sparkling altar of Nemelex Xobeh.
  5223 | Temple   | Entered the Ecumenical Temple
  5307 | Temple   | Became a worshipper of Yredelemnul the Dark
  5562 | D:6      | Reached skill level 1 in Invocations
  5566 | D:6      | Reached * piety under Yredelemnul
  5818 | D:7      | Reached ** piety under Yredelemnul
  6012 | D:7      | Reached *** piety under Yredelemnul
  6397 | D:7      | Reached skill level 10 in Polearms
  6441 | D:7      | Found a hazy altar of Hepliaklqana.
  6584 | D:7      | Identified the +7 dagger "Yckurogg" {vorpal, rElec rC++}
  6985 | D:8      | Reached XP level 10. HP: 43/82 MP: 7/12
  7449 | D:8      | Found a glowing silver altar of Zin.
  7517 | D:8      | Noticed a manticore
  7529 | D:8      | Killed a manticore
  7530 | D:8      | Reached skill level 11 in Polearms
  7530 | D:8      | Reached skill level 5 in Invocations
  7956 | D:8      | Noticed a gargoyle
  7972 | D:8      | Killed a gargoyle
  8213 | D:8      | Found a sacrificial altar of Ru.
  8283 | D:8      | Found an ancient bone altar of Kikubaaqudgha.
  8283 | D:8      | Found an opulent altar of Gozag.
  8495 | D:9      | Reached XP level 11. HP: 56/90 MP: 10/15
  8496 | D:9      | Reached skill level 12 in Polearms
  8676 | D:9      | Reached skill level 10 in Fighting
  9209 | D:9      | Noticed Prince Ribbit
  9218 | D:9      | Killed Prince Ribbit
  9468 | D:10     | Entered Level 10 of the Dungeon
  9703 | D:10     | Noticed a two-headed ogre
  9716 | D:10     | Killed a two-headed ogre
  9717 | D:10     | Reached skill level 13 in Polearms
  9770 | D:10     | Noticed a fire crab
  9784 | D:10     | Killed a fire crab
  9784 | D:10     | Engulfed by a cloud of flame

Illustrated notes

Levels and vault maps discovered:
D:1:      evilmike_arrival_hilbert_curve, layout_rooms,
          chequers_ecumenical_altar_simple, minmay_misc_feat_five
D:2:      layout_loops_ring
D:3:      kennysheep_big_flooded_room, layout_basic, uniq_sigmund, uniq_natasha,
          uniq_grinder
D:4:      layout_layer_cave, uniq_ijyb, uniq_pargi
D:5:      layout_basic
D:6:      layout_cave_pools, mainiacjoe_overflow_chevrons,
          minmay_temple_entry_overgrown, uniq_eustachio
D:7:      layout_basic, lemuel_doored_altar, minivault_27,
          kennysheep_nondescript
D:8:      layout_basic, hangedman_ru_absence, zin_statuary,
          amethyst_overflow_temple_binary, minmay_pinched_square
D:9:      layout_basic, dreamdust_gnoll_shepherd, uniq_prince_ribbit1
D:10:     nzn_winding_woodlands_large [nzn_winding_woodlands_5x5_open_star,
          nzn_winding_woodlands_5x15_pool, nzn_winding_woodlands_5x5_cross,
          nzn_winding_woodlands_center_pierced_h,
          nzn_winding_woodlands_15x15_eel_pit,
          nzn_winding_woodlands_center_garden,
          nzn_winding_woodlands_5x5_default, nzn_winding_woodlands_5x15_cabin,
          nzn_winding_woodlands_5x5_default], layout_stronghold,
          serial_column_ruins, column_ruins_square_large, column_ruins_grid_1,
          column_ruins_corridor_straight, column_ruins_open_small,
          column_ruins_corridor_dead_end, column_ruins_open_tiny,
          hangedman_abyss_or_decor_stagger
Temple:   compressed_dpeg_triangle_lava_temple

Skill      XL: |  1  2  3  4  5  6  7  8  9 10 11 |
---------------+----------------------------------+-----
Shields        | 5 |  5.0
Polearms       | 4 6 8 10 11 13 | 13.1
Fighting       | 4 5 6 7 8 9 10 | 10.6
Invocations    | 3 6 8 |  8.0
Armour         | |  3.2

Action                   |  1- 3 |  4- 6 |  7- 9 | 10-12 || total
-------------------------+-------+-------+-------+-------++-------
Melee: Trident           |    25 |       |       |       ||    25
       Whip              |    52 |    85 |       |       ||   137
       Halberd           |       |    41 |   329 |   273 ||   643
Throw: Dart              |       |       |       |     1 ||     1
Invok: Dark Bargain      |       |       |     2 |     2 ||     4
       Recall Undead Har |       |       |       |     1 ||     1
 Abil: Dig               |       |     2 |     1 |       ||     3
  Use: Scroll            |       |       |    10 |     2 ||    12
       Potion            |       |       |     4 |     3 ||     7
 Stab: Invisible         |       |       |     2 |       ||     2
       Distracted        |       |       |       |     1 ||     1
Armor: Scale mail        |    30 |       |       |       ||    30
       Chain mail        |     8 |   112 |   257 |   118 ||   495
Dodge: Dodged            |    37 |    50 |   164 |    68 ||   319
Block: Buckler           |    24 |    45 |    99 |    46 ||   214

Table legend: (Time is in decaauts)
 A = Elapsed time spent in this place.
 B = Non-inter-level travel time spent in this place.
 C = Inter-level travel time spent in this place.
 D = Time resting spent in this place.
 E = Time spent auto-exploring this place.
 F = Levels seen in this place.
 G = Mean time per level.
                   A        B        C        D        E       F      G
               +--------+--------+--------+--------+--------+-----+--------+
         Total |   9838 |   9536 |    302 |    410 |   7485 |  11 |  894.4 |
       Dungeon |   9736 |   9451 |    285 |    410 |   7417 |  10 |  973.6 |
        Temple |    102 |     85 |     17 |      0 |     68 |   1 |  102.0 |
               +--------+--------+--------+--------+--------+-----+--------+

Top non-repeatable levels by time:
     D:4: 1596 daAuts
     D:8: 1531 daAuts
     D:7: 1382 daAuts
     D:9: 984 daAuts
     D:5: 932 daAuts
     D:3: 932 daAuts
     D:2: 742 daAuts
     D:6: 709 daAuts
     D:1: 614 daAuts
    D:10: 311 daAuts
  Temple: 102 daAuts
